 Dungeon Crawl Stone Soup version 0.30-b1-2-g02819fbbbe (webtiles) character file.

Game seed: 7431623950217845730

15271 dorian the Earth Mage (level 12, 0/96 HPs)
             Began as a Formicid Earth Elementalist on May 11, 2023.
             Was a Believer of Vehumet.
             Slain by a troll (5 damage)
             ... on level 12 of the Dungeon.
             The game lasted 00:36:51 (11491 turns).

dorian the Earth Mage (FoEE)                       Turns: 11491, Time: 00:36:51

Health: 0/96       AC:  6    Str: 14    XL:     12   Next: 55%
Magic:  34/34      EV: 17    Int: 19    God:    Vehumet [**....]
Gold:   15         SH:  0    Dex: 10    Spells: 12/29 levels left

rFire   . . .        R - +6 scimitar (flame)
rCold   . . .        (no shield)
rNeg    . . .        g - +0 troll leather armour
rPois   +            (helmet unavailable)
rElec   .            k - +0 cloak
rCorr   +            L - +0 pair of gloves
SInv    +            (no boots)
Will    +....        p - amulet of magic regeneration
Stlth   ++           t - ring of poison resistance
HPRegen 1.16/turn    P - ring "Pasyeto" {rCorr MP+9 EV+5 Dex-4}
MPRegen 0.64/turn

%: no passive effects
@: no status effects
A: permanent stasis, dig shafts and tunnels, antennae 3, four strong arms
a: Dig, Shaft Self, Renounce Religion


You were on level 12 of the Dungeon.
You worshipped Vehumet.
Vehumet was pleased with you.
You visited 2 branches of the dungeon, and saw 13 of its levels.

You collected 1044 gold pieces.
You spent 1029 gold pieces at shops.

Inventory:

Hand Weapons
 R - a +6 scimitar of flaming (weapon)
Missiles
 n - 23 poisoned darts (quivered)
 z - 2 throwing nets
 G - 3 silver javelins
 S - 5 javelins
Armour
 g - a +0 troll leather armour (worn)
 k - a +0 cloak (worn)
 L - a +0 pair of gloves (worn)
Magical Staves
 s - a staff of fire
Jewellery
 p - an amulet of magic regeneration (around neck)
 t - a ring of poison resistance (left hand)
 P - the ring "Pasyeto" (right hand) {rCorr MP+9 EV+5 Dex-4}
   (You bought it in a shop on level 10 of the Dungeon)

   [ring of evasion]

   EV:        It affects your evasion (+5).
   Dex:       It affects your dexterity (-4).
   MP:        It affects your magic capacity (+9).
   rCorr:     It protects you from acid and corrosion.
 Q - a ring of ice
Wands
 r - a wand of flame (57)
 E - a wand of light (2)
 F - a wand of paralysis (6)
 K - a wand of polymorph (5)
Scrolls
 e - 3 scrolls of vulnerability
 j - 3 scrolls of fog
 o - 2 scrolls of immolation
 q - a scroll of poison
 w - a scroll of magic mapping
 H - a scroll of fear
 J - a scroll of enchant armour
 M - 2 scrolls of amnesia
Potions
 b - 2 potions of magic
 c - 3 potions of flight
 f - 3 potions of might
 h - 2 potions of degeneration {unknown}
 i - a potion of heal wounds {unknown}
 l - 5 potions of ambrosia
 m - 3 potions of invisibility {unknown}
 u - 2 potions of resistance {unknown}
 v - 3 potions of mutation
 x - 3 potions of lignification {unknown}
 B - 2 potions of attraction {unknown}
 C - a potion of berserk rage {unknown}
 I - 3 potions of brilliance
 N - a potion of haste {unknown}
Miscellaneous
 a - a tin of tremorstones (2/2)
 D - a piece from Xom's chessboard (15/15)


   Skills:
 + Level 9.6 Fighting
 - Level 2.8 Throwing
 + Level 3.3 Dodging
 - Level 2.4 Stealth
 + Level 9.2 Spellcasting
 + Level 4.6 Conjurations
 - Level 5.0 Transmutations
 * Level 15.2 Earth Magic
 - Level 3.1 Poison Magic


You had 12 spell levels left.
You knew the following spells:

 Your Spells              Type           Power      Damage    Failure   Level
a - Sandblast             Erth           100%       2d20      1%          1
b - Stone Arrow           Conj/Erth      92%        3d12      1%          3
c - Poisonous Vapours     Pois/Air       28%        N/A       9%          2
d - Shock                 Conj/Air       68%        1d7       4%          1
e - Petrify               Tmut/Erth      47%        N/A       1%          4
f - Iron Shot             Conj/Erth      23%        9d5       26%         6

Your spell library contained the following spells:

 Spells                   Type           Power      Damage    Failure   Level
 Foxfire                  Conj/Fire      68%        2x1d7     4%          1
 Beastly Appendage        Tmut           54%        N/A       1%          1
 Magic Dart               Conj           100%       1d8       1%          1
 Sting                    Tmut/Pois      96%        1d7       1%          1
 Passwall                 Tmut/Erth      39%        N/A       1%          2
 Wereblood                Tmut           27%        N/A       1%          2
 Searing Ray              Conj           52%        2d6       2%          2
 Kiss of Death            Conj/Necr      68%        2d10      4%          1
 Animate Armour           Summ/Erth      74%        N/A       4%          4
 Spider Form              Tmut/Pois      24%        N/A       6%          3
 Apportation              Tloc           16%        N/A       11%         1
 Necrotise                Necr           32%        1d5       11%         1
 Hailstorm                Conj/Ice       17%        3d6       12%         3
 Olgreb's Toxic Radiance  Pois           20%        N/A       28%         4
 Confusing Touch          Hex            8%         N/A       30%         3
 Inner Flame              Hex/Fire       8%         N/A       30%         3
 Vampiric Draining        Necr           8%         2d6       30%         3
 Fulminant Prism          Conj/Hex       8%         3d7       36%         4
 Ice Form                 Ice/Tmut       18%        N/A       36%         4
 Blade Hands              Tmut           13%        N/A       36%         5
 Dispel Undead            Necr           8%         3d8       71%         4
 Yara's Violent Unravell  Hex/Tmut       9%         3d6       71%         5
 Agony                    Necr           8%         N/A       96%         5
 Simulacrum               Ice/Necr       4%         N/A       100%        6
 Enfeeble                 Hex            4%         N/A       100%        7


Dungeon Overview and Level Annotations

Branches:
Dungeon (12/15)            Temple (1/1) D:6            Lair (0/5) D:10
    Orc (0/2) D:12

Altars:
Ashenzari
Dithmenos
Elyvilon
Fedhas
Hepliaklqana
Kikubaaqudgha
Nemelex Xobeh
Okawaru
Qazlal
Ru
Sif Muna
Uskayaw
Vehumet
Wu Jian
Xom
Yredelemnul
Zin

Shops:
D:1 :   D:5 **   D:6 (*   D:10 =   D:12 **(

Annotations:
D:12 exclusion: orange crystal statue


Innate Abilities, Weirdness & Mutations

You cannot be hasted, slowed, berserked, paralysed or teleported.
You can dig through walls and to a lower floor.
You have a pair of large antennae on your head. (SInv)
Your four strong arms can wield two-handed weapons with a shield.


Message History

Okay, then.
Casting: Sandblast (safe; 1% risk of failure)
Confirm with . or Enter, or press ? or * to list all spells.
Okay, then.
The barbed spikes dig painfully into your body as you move.
The barbed spikes dig painfully into your body as you move.
The troll attacks as you move away! The troll bites you! The troll claws you!
The troll claws you.
The barbed spikes dig painfully into your body as you move.
* * * LOW HITPOINT WARNING * * *
You feel better. The troll bites you. The troll claws you but does no damage.
The troll completely misses you.
Okay, then.
The troll attacks as you move away! The troll bites you!
* * * LOW HITPOINT WARNING * * *
The troll closely misses you. The troll claws you.
* * * LOW HITPOINT WARNING * * *
The barbed spikes dig painfully into your body as you move.
* * * LOW HITPOINT WARNING * * *
You feel better. The troll bites you!
* * * LOW HITPOINT WARNING * * *
The troll barely misses you. The troll claws you but does no damage.
You feel better. The troll misses you. The troll claws you.
* * * LOW HITPOINT WARNING * * *
The troll barely misses you.
You feel better.
You carefully extract the barbed spikes from your body.
The troll closely misses you. The troll misses you. The troll claws you!
* * * LOW HITPOINT WARNING * * *
You feel better. The troll bites you but does no damage. The troll claws you.
* * * LOW HITPOINT WARNING * * *
The troll misses you. The troll attacks as you move away! The troll bites you.
* * * LOW HITPOINT WARNING * * *
The troll closely misses you. The troll claws you.
* * * LOW HITPOINT WARNING * * *
The troll attacks as you move away! The troll bites you!
* * * LOW HITPOINT WARNING * * *
The troll claws you but does no damage. The troll claws you.
You die...

......#'####.....# #..#....#.
.................#######..######.
.................................
...#####'####.#####..............
...#........#.#...#......#######.
...#........#<#...#....### ##
...#........#.#...'...##
...#........#.#+###..##.
...#........+...@TcW.#.. #####c
...##########.#####H.#.. #.....#{
........... ..# #.##..#.......
###....<... ..#. #H.#)#H...⌠...
#....#####..#...#.c##..⌠.....⌠
###....#.).+ #...'...'.........
.......#...#..#...#..##.c⌠.....⌠
.......#...#..###'#..#.#....⌠...
.......#...#........##..#.......


You could see a manticore, a troll, a shadow (invisible) and a centaur.

Vanquished Creatures
  6 two-headed ogres
  Urug (D:11)
  2 cyclopes (D:12)
  An ugly thing (D:9)
  A gargoyle (D:11)
  A komodo dragon (D:11)
  4 trolls
  2 dream sheep (D:7)
  8 slime creatures
  2 vampires
  A wraith (D:10)
  6 wyverns
  11 yaks
  A basilisk (D:10)
  4 vampire mosquitoes (D:10)
  3 water moccasins
  An orc warrior (D:10)
  2 ice beasts (D:7)
  A sky beast (D:8)
  2 ogres (D:5)
  3 centaurs
  2 phantoms (D:6)
  A kobold brigand (D:10)
  5 bullfrogs
  A gnoll sergeant (D:5)
  4 scorpions
  6 wights (D:8)
  5 killer bees (D:9)
  6 howler monkeys
  3 jellies
  4 hounds
  2 orc priests
  2 gnoll boudas
  5 iguanas
  4 orc wizards
  A sleepcap (D:7)
  7 gnolls
  10 adders
  A white imp (D:6)
  2 worms
  12 orcs
  10 endoplasms
  3 giant cockroaches
  4 goblins
  12 hobgoblins
  6 quokkas
  3 training dummies (D:6)
  11 ball pythons
  6 bats
  2 frilled lizards (D:2)
  11 kobolds
  7 rats
  A butterfly (D:9)
222 creatures vanquished.

Vanquished Creatures (others)
  A fungus (D:10)
  17 plants (D:10)
18 creatures vanquished.

Grand Total: 240 creatures vanquished

Notes
Turn   | Place    | Note
-------+----------+-------------------------------------------
     0 | D:1      | dorian the Formicid Earth Elementalist began the quest for
                  | the Orb.
     0 | D:1      | Reached XP level 1. HP: 13/13 MP: 3/3
   115 | D:1      | Found Zaesyqaybb's Book Shop.
   147 | D:1      | Reached XP level 2. HP: 20/20 MP: 3/5
   261 | D:1      | Reached skill level 4 in Earth Magic
   489 | D:1      | Reached XP level 3. HP: 16/25 MP: 0/6
   492 | D:1      | Reached skill level 1 in Fighting
  1117 | D:2      | Reached XP level 4. HP: 32/32 MP: 2/7
  1951 | D:2      | Identified a scroll of acquirement
  1951 | D:2      | Acquired 584 gold pieces
  2171 | D:3      | Found a blossoming altar of Fedhas.
  2392 | D:3      | Found a faded altar of an unknown god.
  2433 | D:3      | Got Plato's Spellbook of Points
  2444 | D:3      | Reached XP level 5. HP: 38/38 MP: 6/9
  3114 | D:3      | Reached skill level 5 in Earth Magic
  3131 | D:3      | Learned a level 3 spell: Stone Arrow
  3224 | D:4      | Learned a level 2 spell: Poisonous Vapours
  3572 | D:4      | Reached skill level 1 in Poison Magic
  3572 | D:4      | Reached XP level 6. HP: 44/44 MP: 1/10
  4286 | D:5      | Entered Level 5 of the Dungeon
  4286 | D:5      | Noticed an ogre
  4286 | D:5      | Noticed an ogre
  4289 | D:5      | Killed an ogre
  4290 | D:5      | Reached skill level 6 in Earth Magic
  4290 | D:5      | Reached XP level 7. HP: 29/51 MP: 9/12
  4478 | D:5      | Reached skill level 7 in Earth Magic
  4478 | D:5      | Reached XP level 8. HP: 44/58 MP: 14/14
  4600 | D:5      | Found a sparkling altar of Nemelex Xobeh.
  4602 | D:5      | Found a stormy altar of Qazlal.
  4641 | D:5      | Found Cokaqy's Assorted Antiques.
  4649 | D:5      | Bought a scroll labelled KARU DUIMYOMET for 19 gold pieces
  4751 | D:5      | Reached skill level 1 in Throwing
  4796 | D:5      | Found Boajes's Serpentskin Sales.
  4808 | D:5      | Bought a ring of poison resistance for 220 gold pieces
  4848 | D:5      | Found a shimmering blue altar of Sif Muna.
  5156 | D:6      | Found Aplaczigh's Assorted Antiques.
  5159 | D:6      | Bought 2 fizzy amethyst potions for 41 gold pieces
  5159 | D:6      | Bought a sedimented puce potion for 20 gold pieces
  5159 | D:6      | Bought a fizzy amethyst potion for 20 gold pieces
  5524 | D:6      | Found a staircase to the Ecumenical Temple.
  5535 | Temple   | Entered the Ecumenical Temple
  5548 | Temple   | Became a worshipper of Vehumet
  5755 | D:6      | Reached skill level 8 in Earth Magic
  5829 | D:6      | Found Dogomoc's Firing Range.
  6149 | D:7      | Reached XP level 9. HP: 66/66 MP: 14/16
  6487 | D:7      | Reached skill level 5 in Spellcasting
  6487 | D:7      | Reached skill level 5 in Transmutations
  7003 | D:7      | Reached skill level 9 in Earth Magic
  7024 | D:7      | Reached skill level 5 in Fighting
  7206 | D:8      | Found an iron altar of Okawaru.
  7394 | D:8      | Reached * piety under Vehumet
  7394 | D:8      | Offered knowledge of Shock by Vehumet.
  7397 | D:8      | Reached skill level 10 in Earth Magic
  7739 | D:8      | Found a white marble altar of Elyvilon.
  7823 | D:8      | Reached XP level 10. HP: 76/76 MP: 19/19
  8080 | D:9      | Noticed a two-headed ogre
  8089 | D:9      | Killed a two-headed ogre
  8090 | D:9      | Reached skill level 11 in Earth Magic
  8128 | D:9      | Found a shimmering altar of Xom.
  8249 | D:9      | Reached skill level 12 in Earth Magic
  8440 | D:9      | Noticed a red ugly thing
  8457 | D:9      | Killed a red ugly thing
  8723 | D:10     | Entered Level 10 of the Dungeon
  8742 | D:10     | Reached XP level 11. HP: 57/85 MP: 22/22
  8746 | D:10     | Reached skill level 1 in Conjurations
  8748 | D:10     | Learned a level 1 spell: Shock
  8839 | D:10     | Reached ** piety under Vehumet
  8940 | D:10     | Noticed a two-headed ogre
  9102 | D:10     | Reached skill level 13 in Earth Magic
  9103 | D:10     | Offered knowledge of Foxfire by Vehumet.
  9244 | D:10     | Found a shadowy altar of Dithmenos.
  9274 | D:10     | Found a staircase to the Lair.
  9368 | D:10     | Found Zeocs's Jewellery Boutique.
  9624 | D:10     | Killed a two-headed ogre
  9836 | D:11     | Noticed Urug
  9865 | D:11     | Killed Urug
  9866 | D:11     | Reached skill level 14 in Earth Magic
  9945 | D:11     | Noticed a two-headed ogre
  9957 | D:11     | Killed a two-headed ogre
 10069 | D:11     | Reached XP level 12. HP: 95/95 MP: 24/24
 10086 | D:11     | Noticed a two-headed ogre
 10246 | D:10     | Learned a level 4 spell: Petrify
 10399 | D:11     | Noticed a two-headed ogre
 10405 | D:11     | Killed a two-headed ogre
 10625 | D:11     | Noticed a two-headed ogre
 10626 | D:11     | Killed a two-headed ogre
 10651 | D:11     | Killed a two-headed ogre
 10747 | D:12     | Found Meusk's General Store.
 10837 | D:10     | Bought the ring "Pasyeto" {rCorr MP+9 EV+5 Dex-4} for 709
                  | gold pieces
 11150 | D:11     | Reached skill level 15 in Earth Magic
 11250 | D:12     | Learned a level 6 spell: Iron Shot
 11254 | D:12     | Found a staircase to the Orcish Mines.
 11266 | D:12     | Found Korirr's Weapon Shop.
 11436 | D:12     | Found Zudal's Assorted Antiques.
 11491 | D:12     | Slain by a troll

Illustrated notes

Levels and vault maps discovered:
D:1:      giann_forest_graveyard, layout_loops_ring, serial_shops, shop,
          chequers_garden
D:2:      layout_basic
D:3:      layout_loops_ring, mainiacjoe_overflow_boulevard,
          serial_co_window_serial, co_window_paths_b, co_window_corner_a,
          co_window_corner_a, co_window_of_opportunity_a, co_window_paths_a,
          co_window_corner_ca, co_window_2corner, co_window_corner_b,
          co_window_unsneaky_path_e, co_window_corner_ca, glass_columns_c,
          shapermc_ecumenical_altar_rom_forum, minmay_misc_feat_rows
D:4:      layout_loops_ring
D:5:      layout_rooms, nicolae_overflow_hidden_temple, lemuel_blue_sif_altar,
          serial_shops, nicolae_shop_dealshenge, guppyfry_shop_venom
D:6:      layout_basic, minmay_temple_entry_junction, nicolae_stop_n_shop_1,
          nicolae_shop_firing_range
D:7:      layout_cave_pods, dreamdust_gnoll_shepherd
D:8:      layout_basic, marbit_many_paths, mainiacjoe_overflow_alcove_2
D:9:      layout_basic, xom_butterflies, nicolae_figureground_sparkle
D:10:     layout_roguey, lemuel_coloured_pillars_altar, minmay_lair_entry_grove,
          serial_shops, nicolae_shop_gaudy_bauble
D:11:     layout_stronghold, uniq_urug
D:12:     kennysheep_ambush_hall, layout_irregular_city, orc_0_dummy,
          serial_shops, nicolae_shop_stone, nicolae_shop_tiny_statue_garden,
          nicolae_shop_bloodbath_and_beyond, nicolae_inconvenience_store,
          minivault_15, item_on_display_a
Temple:   eino_temple_lava

Skill      XL: |  1  2  3  4  5  6  7  8  9 10 11 12 |
---------------+-------------------------------------+-----
Earth Magic    | 4 5 6 7 8 10 12 14 15 | 15.2
Fighting       | 1 2 3 4 6 7 9 |  9.6
Transmutations | 2 3 4 5 |  5.0
Spellcasting   | 3 4 6 7 8 9 |  9.2
Poison Magic   | 1 2 3 |  3.1
Throwing       | 2 |  2.8
Conjurations   | 3 4 |  4.6
Dodging        | 3 |  3.3
Stealth        | |  2.4

Action                     |  1- 3 |  4- 6 |  7- 9 | 10-12 || total
---------------------------+-------+-------+-------+-------++-------
  Melee: Unarmed           |     2 |       |       |       ||     2
         Short sword       |       |       |     8 |     2 ||    10
  Throw: Dart              |       |       |       |    11 ||    11
   Cast: Sandblast         |    47 |    93 |   153 |   108 ||   401
         Poisonous Vapours |       |     2 |     5 |    27 ||    34
         Stone Arrow       |       |       |    14 |    86 ||   100
  Evoke: Wand              |       |       |       |     6 ||     6
         Piece from Xom's  |       |       |       |     1 ||     1
         Tin of tremorston |       |       |       |     1 ||     1
    Use: Scroll            |     2 |    10 |     6 |     5 ||    23
         Potion            |       |       |       |     5 ||     5
   Stab: Sleeping          |     1 |       |       |       ||     1
 Armour: Robe              |       |     6 |       |       ||     6
         Troll leather arm |       |     7 |    11 |    20 ||    38
  Dodge: Dodged            |    14 |    17 |    45 |    70 ||   146
